 Dungeon Crawl Stone Soup version 0.27-a0-1228-gfd60fd639a (webtiles) character file.

Game seed: 639120113252358372

158 Gwenloh the Gusty (level 5, -3/38 HPs)
             Began as a Draconian Air Elementalist on June 7, 2021.
             Slain by Sigmund
             ... wielding a +0 scythe
              (10 damage)
             ... on level 3 of the Dungeon.
             The game lasted 00:10:38 (3565 turns).

Gwenloh the Gusty (Draconian Air Elementalist)      Turns: 3565, Time: 00:10:39

Health: -3/38      AC:  5    Str: 11    XL:     5   Next: 16%
Magic:  2/9        EV: 12    Int: 16    God:
Gold:   121        SH:  0    Dex: 11    Spells: 3/10 levels left

rFire    + . .     SeeInvis .   (no weapon)
rCold    + . .     Faith    .   (no shield)
rNeg     . . .     Spirit   .   (armour unavailable)
rPois    .         Reflect  .   (helmet restricted)
rElec    .         Harm     .   h - scarf {rC+ rF+}
rCorr    .         Rampage  .   (no gloves)
Will     .....                  (no boots)
Stlth    ++........             (no amulet)
HPRegen  0.12/turn              (no ring)
MPRegen  0.11/turn              (no ring)

@: hasted, very quick
A: AC +5, unfitting armour, cold-blooded
a: no special abilities


You were on level 3 of the Dungeon.
You visited 1 branch of the dungeon, and saw 3 of its levels.

You collected 121 gold pieces.

Inventory:

Armour
 h - a scarf of resistance (worn)
Jewellery
 j - a ring of magical power
Wands
 k - a wand of flame (18)
Scrolls
 a - 2 scrolls of summoning {unknown}
 d - 2 scrolls of enchant armour {unknown}
 f - 3 scrolls of amnesia {unknown}
 g - 5 scrolls of identify {unknown}
 i - a scroll of brand weapon {unknown}
Potions
 b - a potion of cancellation {unknown}
 e - a potion of curing


   Skills:
 - Level 1.7 Dodging
 - Level 1.7 Stealth
 + Level 3.2 Spellcasting
 - Level 1.0 Conjurations
 * Level 5.1 Air Magic


You had 3 spell levels left.
You knew the following spells:

 Your Spells              Type           Power      Damage    Failure   Level
a - Shock                 Conj/Air       48%        1d6       5%          1
b - Static Discharge      Conj/Air       12%        N/A       8%          2
c - Airstrike             Air            9%         N/A       22%         4

Your spell library contained the following spells:

 Spells                   Type           Power      Damage    Failure   Level
 Swiftness                Air            19%        N/A       7%          3
 Lightning Bolt           Conj/Air       6%         1d18      82%         5


Dungeon Overview and Level Annotations

Branches:
Dungeon (3/15)

Altars:

Annotations:
D:3 Sigmund


Innate Abilities, Weirdness & Mutations

Your plain brown scales are hard. (AC +5)
You cannot fit into any form of body armour.
You are cold-blooded and may be slowed by cold attacks.


Message History

Confirm with . or Enter, or press ? or * to list all spells.
Sigmund is struck by an arc of lightning!
Sigmund is moderately wounded.
You are struck by an arc of lightning.
The lightning grounds out.
Sigmund barely misses you.
Casting: Static Discharge (safe; 8% risk of failure)
Confirm with . or Enter, or press ? or * to list all spells.
Sigmund is struck by an arc of lightning.
Sigmund is heavily wounded.
You are struck by an arc of lightning.
The lightning grounds out.
Sigmund points at you and mumbles some strange words.
You resist with some effort.
Casting: Static Discharge (safe; 8% risk of failure)
Confirm with . or Enter, or press ? or * to list all spells.
Sigmund is struck by an arc of lightning.
Sigmund is severely wounded.
The lightning grounds out.
Sigmund hits you with a +0 scythe! Sigmund barely misses you.
Sigmund mumbles some strange words.
Sigmund flickers and vanishes!
Deactivating autopickup; reactivate with Ctrl-A.
You are confused.
You bump into the rock wall.
A magic dart appears from out of thin air!
The magic dart hits you!
You bump into the rock wall.
You're too confused to move!
You hear some strange, mumbled words.
You are more confused.
You bump into the rock wall.
A puff of flame appears from out of thin air!
The puff of flame hits you. You resist.
You bump into the rock wall.
You're too confused to cast spells.
It was a potion of curing.
You feel better. Something hits you!
* * * LOW HITPOINT WARNING * * *
Something hits you.
* * * LOW HITPOINT WARNING * * *
It was a potion of haste.
You feel yourself speed up. Something hits you!
You die...

##########.....(..#
#.#
.................)#
#.. ...
............(.....#
#.# #.#
....######รท.......#
#.# #.#
..................#
#.# #.#
....##.###........#
#.# #.# ....##.#
#.....)..# #.# #.#
....##.#
#........####.###.##
....##.#
#......@...........#
....##.#
#........####.###..#
....##.#
####............#..#
.......#
#.########.#.#..#
...
#.########.#.#..#
#..........#.#..#
############.#..#
.#..# .#


There were no monsters in sight!

Vanquished Creatures
  A bullfrog zombie (D:3)
  3 gnolls (D:3)
  3 adders
  A worm (D:3)
  3 dart slugs
  An orc (D:3)
  4 bats
  6 endoplasms
  3 giant cockroaches
  11 goblins
  5 hobgoblins
  7 kobolds
  4 quokkas
  3 ball pythons
  2 frilled lizards
57 creatures vanquished.

Notes
Turn   | Place    | Note
-------+----------+-------------------------------------------
     0 | D:1      | Gwenloh the Draconian Air Elementalist began the quest for
                  | the Orb.
     0 | D:1      | Reached XP level 1. HP: 14/14 MP: 3/3
   447 | D:1      | Reached XP level 2. HP: 19/20 MP: 0/5
   450 | D:1      | Learned a level 2 spell: Static Discharge
  1301 | D:2      | Reached XP level 3. HP: 26/26 MP: 1/6
  1386 | D:2      | Reached skill level 4 in Air Magic
  1389 | D:2      | HP: 1/26 [poisoned by an adder]
  2452 | D:3      | Reached XP level 4. HP: 33/33 MP: 4/8
  2457 | D:3      | Learned a level 4 spell: Airstrike
  3351 | D:3      | Reached skill level 5 in Air Magic
  3351 | D:3      | Reached XP level 5. HP: 17/38 MP: 0/9
  3541 | D:3      | Noticed Sigmund
  3565 | D:3      | Slain by Sigmund

Illustrated notes

Levels and vault maps discovered:
D:1:      ncdulo_lavacross, layout_rooms
D:2:      kennysheep_the_goblin_king, layout_rooms
D:3:      layout_basic, uniq_sigmund

Skill      XL: |  1  2  3  4 |
---------------+-------------+-----
Air Magic      | 4 5 |  5.1
Spellcasting   | 3 |  3.2
Dodging        | |  1.7
Stealth        | |  1.7
Conjurations   | |  1.0

Action                   |  1- 3 |  4- 6 || total
-------------------------+-------+-------++-------
Melee: Unarmed           |    36 |     7 ||    43
       Tailslap          |     1 |       ||     1
 Cast: Shock             |    71 |    49 ||   120
       Static Discharge  |     4 |    10 ||    14
  Use: Potion            |       |     2 ||     2
Armor: Skin              |     7 |     3 ||    10
Dodge: Dodged            |    34 |    16 ||    50

Table legend: (Time is in decaauts)
 A = Elapsed time spent in this place.
 B = Non-inter-level travel time spent in this place.
 C = Inter-level travel time spent in this place.
 D = Time resting spent in this place.
 E = Time spent auto-exploring this place.
 F = Levels seen in this place.
 G = Mean time per level.
                   A        B        C        D        E       F      G
               +--------+--------+--------+--------+--------+-----+--------+
         Total |   3565 |   3511 |     54 |    458 |   2543 |   3 | 1188.3 |
       Dungeon |   3565 |   3511 |     54 |    458 |   2543 |   3 | 1188.3 |
               +--------+--------+--------+--------+--------+-----+--------+

Top non-repeatable levels by time:
     D:1: 1549 daAuts
     D:3: 1397 daAuts
     D:2: 618 daAuts
